 Dungeon Sprint DCSS version 0.27-a0-1139-g28e009f8a6 (webtiles) character file.

Game seed: 7069102108707715149

7344 Zeld the Warrior (level 10, -17/111 HPs)
             Began as a Minotaur Berserker on May 7, 2021.
             Was a High Priest of Trog.
             Killed from afar by a storm dragon (28 damage)
             ... with a bolt of lightning
             ... in the Dungeon (Sprint V: "Ziggurat Sprint").
             The game lasted 00:03:59 (2335 turns).

Zeld the Warrior (Minotaur Berserker)               Turns: 2335, Time: 00:04:00

Health: -17/111    AC: 20    Str: 42    XL:     10   Next: 91%
Magic:  9/9        EV:  5    Int:  4    God:    Trog [*****.]
Gold:   0          SH: 28    Dex:  9    Spells: 9/9 levels left

rFire    + . .     SeeInvis .   j - +5 broad axe (venom)
rCold    . . .     Faith    .   h - +3 tower shield
rNeg     . . .     Spirit   .   i - +5 crystal plate armour
rPois    .         Reflect  .   (helmet restricted)
rElec    .         Harm     .   (no cloak)
rCorr    .         Rampage  .   (no gloves)
Will     +....     NoTele   +   (no boots)
Stlth    ..........             x - amulet "Hese" {rF+ Will+ Regen+ Str+4 Stlth-}
HPRegen  1.28/turn              q - +6 ring of strength
MPRegen  0.11/turn              r - +6 ring of strength

@: no status effects
A: horns 2, retaliatory headbutt
a: Renounce Religion, Berserk, Trog's Hand, Brothers in Arms


You were in the Dungeon.
You worshipped Trog.
Trog was extremely pleased with you.
You visited 1 branch

Inventory:

Hand Weapons
 j - a +5 broad axe of venom (weapon)
Armour
 h - a +3 tower shield (worn)
 i - a +5 crystal plate armour (worn)
Jewellery
 q - a +6 ring of strength (left hand)
 r - a +6 ring of strength (right hand)
 x - the amulet "Hese" (around neck) {rF+ Will+ Regen+ Str+4 Stlth-}
   (You found it in the Dungeon)

   [amulet of regeneration]

   It affects your strength (+4).
   It protects you from fire.
   It increases your rate of health regeneration.
   It increases your willpower.
   It makes you less stealthy.
Wands
 l - a wand of mindburst (7)
 m - a wand of iceblast (7)
 n - a wand of acid (7)
Scrolls
 g - 4 scrolls of blinking
 t - 7 scrolls of fog
 u - 2 scrolls of holy word
 v - 5 scrolls of identify
 w - 2 scrolls of fear
 y - 2 scrolls of brand weapon
Potions
 a - 2 potions of invisibility
 b - 10 potions of curing
 c - 9 potions of heal wounds
 d - 6 potions of haste
 e - 7 potions of magic
 f - 3 potions of berserk rage
 o - 4 potions of resistance
 s - 5 potions of might
 B - a potion of degeneration {unknown}
Miscellaneous
 k - a lightning rod (4/4)
 p - a box of beasts
 A - a piece from Xom's chessboard (15/15)
 C - a lightning rod (4/4)
 E - a box of beasts


   Skills:
 * Level 17.5 Fighting
 * Level 17.2 Axes
 - Level 2.4 Armour
 - Level 2.1 Dodging
 * Level 17.1 Shields
 - Level 3.2 Unarmed Combat


You had 9 spell levels left.
You didn't know any spells.
Your spell library was empty.

Dungeon Overview and Level Annotations

Branches:
Dungeon (1/1)

Altars:
Ashenzari
Cheibriados
Dithmenos
Elyvilon
Fedhas
Gozag
Hepliaklqana
Kikubaaqudgha
Makhleb
Nemelex Xobeh
Okawaru
Qazlal
Ru
Sif Muna
Trog
Uskayaw
Vehumet
Wu Jian
Xom
Yredelemnul
Zin
The Shining One
Beogh
Jiyva
Lugonu


Innate Abilities, Weirdness & Mutations

You have a pair of horns on your head.
You reflexively headbutt those who attack you in melee.


Message History

Welcome to arena 11.
You enter the transporter and appear at another place. 2 storm dragons, an air elemental, a spriggan air mage and a wind drake come into view.
The storm dragon roars deafeningly!
The spriggan air mage shouts!
The wind drake hisses angrily.
You hear a deafening roar!
A storm dragon comes into view.
The storm dragon breathes lightning at you.
The bolt of lightning hits you!!
The spriggan air mage gestures at you while chanting.
The bolt of lightning hits you!!
A storm dragon comes into view.
Found four items.
Your two-headed ogre goes berserk!
The storm dragon roars deafeningly!
The bolt of lightning hits the storm dragon.
The storm dragon completely resists.
A bolt of lightning appears from out of your range of vision.
The bolt of lightning hits the storm dragon.
The storm dragon completely resists.
The bolt of lightning misses the air elemental.
The bolt of lightning hits your two-headed ogre!!!
A spriggan air mage comes into view.
The spriggan air mage waves its arms in wide circles.
The air twists around and strikes you!
The air elemental hits your two-headed ogre.
A storm dragon comes into view.
Your ogre goes berserk!
The air elemental hits your two-headed ogre.
The storm dragon breathes lightning at you.
The bolt of lightning hits your two-headed ogre!!
The bolt of lightning hits you!!!
* * * LOW HITPOINT WARNING * * *
The air elemental barely misses your two-headed ogre.
A spriggan air mage comes into view. It is wielding a +2 vampiric dagger.
The storm dragon breathes lightning at you.
The bolt of lightning hits your two-headed ogre!!
Your two-headed ogre dies!
Your two-headed ogre's corpse disappears in a puff of smoke!
The bolt of lightning hits you!!
You die...

▓..=|.:[..▓
▓..[Di=|..▓.....[:..▓
▓...Di....▓.........▓
▓..DDD.i..▓...).....▓
▓....k....▓...†))...▓
▓...§E....▓...†)†...▓
▓......O..▓.▓.....▓.▓
▓.........▓....©....▓
▓....@....▓▓▓▓▓▓▓▓▓▓▓
▓▓▓▓▓▓▓▓▓▓▓


You could see 5 storm dragons, a wind drake (repels missiles), 3 spriggan air
magi, an air elemental (ally target) and a friendly ogre (summoned, berserk).

Vanquished Creatures
  A dancing weapon (D)
  A hell hog (D)
  A deep elf knight (D)
  2 deep elf pyromancers (D)
  A cane toad (D)
  An efreet (D)
  2 komodo dragons (D)
  A rime drake (D)
  A jumping spider (D)
  A slime creature (D)
  3 tarantellas (D)
  3 wyverns (D)
  A fire elemental (D)
  A steam dragon (D)
  3 nagas (D)
  An acid dragon (D)
  3 water moccasins (D)
  An ice beast (D)
  2 hell hounds (D)
  2 bullfrogs (D)
  Blork the orc (D)
  A scorpion (D)
  2 jellies (D)
  2 orc priests (D)
  Jessica (D)
  An orc wizard (D)
  A river rat (D)
  A white imp (D)
  An orc (D)
  A jackal (D)
  3 ball pythons (D)
47 creatures vanquished.

Vanquished Creatures (collateral kills)
  Erica (D)
  Sigmund (D)
  Edmund (D)
  Duvessa (D)
  Dowan (D)
  Crazy Yiuf (D)
6 creatures vanquished.

Vanquished Creatures (others)
  A fire vortex (D)
1 creature vanquished.

Grand Total: 54 creatures vanquished

Notes
Turn   | Place    | Note
-------+----------+-------------------------------------------
     0 | D        | Zeld the Minotaur Berserker began the quest for the Orb.
     0 | D        | Reached XP level 1. HP: 19/19 MP: 0/0
     0 | D        | Found a blossoming altar of Fedhas.
     1 | D        | Found the +6 Majin-Bo {vamp, MP+6 Int+6}
     1 | D        | Found the +9 heavy crossbow "Sniper" {vorpal, Acc+∞ SInv}
     1 | D        | Found the +10 dark maul {vorpal}
     1 | D        | Found the +15 Maxwell's patent armour {-Cast -Tele rElec
                  | Will+ rCorr}
     1 | D        | Found the +18 shield of the Gong {rElec rN+ Will+ EV-5}
     1 | D        | Found the +14 obsidian axe {vorpal, Drain Fly SInv}
     1 | D        | Found the +7 great mace "Firestarter" {inner flame, rF++}
     1 | D        | Found the +6 shillelagh "Devastator" {shatter}
     1 | D        | Found the +11 plutonium sword {Contam Stlth-}
     1 | D        | Found the +8 lance "Wyrmbane" {slay drac, rPois rF+ rC+
                  | AC+3}
     1 | D        | Found the +9 sword of Zonguldrok {reap}
     1 | D        | Found the +13 scythe of Curses {drain, Drain}
     1 | D        | Found the +5 sword of Power {vorpal}
     1 | D        | Found the +7 mace of Variability {chain chaos}
     1 | D        | Found the +7 Singing Sword {vorpal, sonic wave}
     1 | D        | Found the +8 storm bow {elec, penet}
     7 | D        | Found a viscous altar of Jiyva.
     7 | D        | Found a hazy altar of Hepliaklqana.
     7 | D        | Found a transporter.
     7 | D        | Found an opulent altar of Gozag.
     7 | D        | Found an ancient bone altar of Kikubaaqudgha.
     7 | D        | Found a corrupted altar of Lugonu.
    12 | D        | Found a burning altar of Makhleb.
    13 | D        | Found a stormy altar of Qazlal.
    13 | D        | Found a sacrificial altar of Ru.
    13 | D        | Found an iron altar of Okawaru.
    13 | D        | Found a shimmering blue altar of Sif Muna.
    13 | D        | Found a sparkling altar of Nemelex Xobeh.
    13 | D        | Found a bloodstained altar of Trog.
    56 | D        | Reached XP level 2. HP: 30/30 MP: 1/1
   250 | D        | Entered arena 2.
   250 | D        | Noticed an ice beast
   250 | D        | Found a transporter.
   253 | D        | Killed an ice beast
   254 | D        | Reached XP level 3. HP: 40/40 MP: 2/2
   254 | D        | Reached XP level 4. HP: 48/48 MP: 3/3
   536 | D        | Entered arena 3.
   536 | D        | Noticed a slime creature
   536 | D        | Found a transporter.
   539 | D        | Reached ** piety under Trog
   541 | D        | Reached XP level 5. HP: 56/56 MP: 4/4
   542 | D        | Killed a slime creature
   543 | D        | Reached skill level 10 in Fighting
   543 | D        | Reached XP level 6. HP: 67/67 MP: 5/5
   908 | D        | Entered arena 4.
   908 | D        | Noticed a deep elf pyromancer
   908 | D        | Noticed a deep elf pyromancer
   908 | D        | Noticed a deep elf knight
   908 | D        | Noticed a +3 long sword of freezing
   908 | D        | Found a transporter.
   916 | D        | Killed a deep elf pyromancer
   916 | D        | Reached *** piety under Trog
   917 | D        | Reached XP level 7. HP: 52/75 MP: 6/6
   918 | D        | Killed a deep elf pyromancer
   919 | D        | Reached XP level 8. HP: 21/85 MP: 7/7
   919 | D        | Killed a deep elf knight
   919 | D        | Reached **** piety under Trog
   920 | D        | Killed a +3 long sword of freezing
   921 | D        | Reached XP level 9. HP: 52/96 MP: 8/8
  1227 | D        | Entered arena 5.
  1227 | D        | Found a transporter.
  1228 | D        | Identified the +8 arbalest of Mayhem {elec, rN+}
  1233 | D        | Reached ***** piety under Trog
  1234 | D        | Received a gift from Trog
  1279 | D        | Entered arena 6.
  1279 | D        | Noticed a jumping spider
  1279 | D        | Found a transporter.
  1281 | D        | Killed a jumping spider
  1285 | D        | Reached skill level 15 in Fighting
  1332 | D        | Got the amulet "Hese" {rF+ Will+ Regen+ Str+4 Stlth-}
  1344 | D        | Got the ring of Fun {rN+ Int+4}
  1441 | D        | Entered arena 7.
  1441 | D        | Noticed a rime drake
  1448 | D        | Killed a rime drake
  1449 | D        | Reached skill level 15 in Axes
  1449 | D        | Reached skill level 15 in Shields
  1453 | D        | Reached XP level 10. HP: 87/107 MP: 9/9
  1453 | D        | Found a transporter.
  1545 | D        | Got the amulet of Ismiakar {Acrobat Int+4}
  1758 | D        | Entered arena 8.
  1758 | D        | Noticed a hell hog
  1760 | D        | Found a transporter.
  1767 | D        | Killed a hell hog
  1770 | D        | Received a gift from Trog
  1797 | D        | Got the ring "Miohugog" {Str+2 Dex+6 SInv Stlth+}
  1800 | D        | Got the ring "Itolec" {Will+ rCorr}
  1809 | D        | Entered arena 9.
  1809 | D        | Noticed a cane toad
  1810 | D        | Found the +10 morningstar "Eos" {elec, Halo rElec}
  1811 | D        | Found a transporter.
  1815 | D        | Reached ****** piety under Trog
  1819 | D        | Killed a cane toad
  1819 | D        | Identified the +9 hand axe "Ypla" {vorpal, rPois rF+++
                  | Dex-3 Stlth-} (Trog gifted it to you in the Dungeon)
  1819 | D        | Received a gift from Trog
  1977 | D        | Entered arena 10.
  1977 | D        | Noticed Sigmund
  1977 | D        | Noticed Jessica
  1977 | D        | Noticed Blork the orc
  1977 | D        | Noticed Crazy Yiuf
  1977 | D        | Noticed Dowan
  1977 | D        | Noticed Duvessa
  1977 | D        | Noticed Edmund
  1977 | D        | Noticed Erica
  1981 | D        | Killed Dowan
  1981 | D        | Killed Duvessa
  1982 | D        | Killed Erica
  1983 | D        | Found a transporter.
  1983 | D        | Killed Crazy Yiuf
  1984 | D        | Killed Jessica
  1985 | D        | Killed Edmund
  1986 | D        | Killed Sigmund
  1987 | D        | Killed Blork the orc
  2242 | D        | Entered arena 11.
  2243 | D        | Found a transporter.
  2247 | D        | Received a gift from Trog
  2318 | D        | Got the ring of Truth {Contam Drain rElec rN+ Dex+7}
  2333 | D        | Entered arena 12.
  2333 | D        | Noticed a storm dragon
  2333 | D        | Noticed a storm dragon
  2333 | D        | Noticed a spriggan air mage
  2333 | D        | Noticed a storm dragon
  2333 | D        | Noticed a storm dragon
  2334 | D        | Found the +3 hat of Pondering {ponderous, Will+ MP+10
                  | Int+5}
  2334 | D        | Noticed a spriggan air mage
  2334 | D        | Noticed a storm dragon
  2335 | D        | Noticed a spriggan air mage
  2335 | D        | Killed from afar by a storm dragon

Illustrated notes

Levels and vault maps discovered:
D:        sprint_v [room_start, room_1, room_2, room_3, room_4, room_5, room_6,
          room_7, room_8, room_9, room_10, room_11, room_12, room_13, room_14,
          room_15, room_16, room_17, room_18, room_19, room_20, room_21,
          room_22, room_23, room_24, room_25, room_26, room_27]

Skill      XL: |  1  2  3  4  5  6  7  8  9 10 |
---------------+-------------------------------+-----
Fighting       | 6 7 8 10 11 12 14 15 17 | 17.5
Axes           | 4 6 8 9 11 12 14 15 17 | 17.2
Shields        | 4 6 7 9 11 12 13 15 17 | 17.1
Armour         | |  2.4
Dodging        | |  2.1
Unarmed Combat | |  3.2

Action                   |  1- 3 |  4- 6 |  7- 9 | 10-12 || total
-------------------------+-------+-------+-------+-------++-------
Melee: Broad axe         |     2 |    13 |    21 |    31 ||    67
       Headbutt          |       |     2 |     1 |    10 ||    13
Invok: Berserk           |     1 |     2 |     2 |     4 ||     9
       Brothers in Arms  |       |       |     1 |     6 ||     7
  Use: Potion            |     2 |       |     1 |       ||     3
       Scroll            |       |     1 |       |       ||     1
 Stab: Distracted        |       |       |       |     1 ||     1
Armor: Crystal plate arm |     1 |     4 |     8 |     6 ||    19
Dodge: Dodged            |       |     1 |     2 |     2 ||     5
Block: Tower shield      |     2 |    12 |    30 |    35 ||    79

Table legend: (Time is in decaauts)
 A = Elapsed time spent in this place.
 B = Non-inter-level travel time spent in this place.
 C = Inter-level travel time spent in this place.
 D = Time resting spent in this place.
 E = Time spent auto-exploring this place.
 F = Levels seen in this place.
 G = Mean time per level.
                   A        B        C        D        E       F      G
               +--------+--------+--------+--------+--------+-----+--------+
         Total |   2413 |   2413 |      0 |   2075 |      0 |   1 | 2413.0 |
       Dungeon |   2413 |   2413 |      0 |   2075 |      0 |   1 | 2413.0 |
               +--------+--------+--------+--------+--------+-----+--------+

Top non-repeatable levels by time:
       D: 2413 daAuts
